 Dungeon Crawl Stone Soup version 0.18-a0-1243-g9e52518 (webtiles) character file.

3159 namelastname112 the Basher (level 9, -10/78 HPs)
             Began as a Mottled Draconian Gladiator on Feb 5, 2016.
             Was an Initiate of Gozag.
             Mangled by a wyvern (18 damage)
             ... on level 8 of the Dungeon.
             The game lasted 00:14:40 (9008 turns).

namelastname112 the Basher (DrGl)                   Turns: 9008, Time: 00:14:40

Health: -10/78     AC:  8    Str: 17    XL:     9   Next: 62%
Magic:  9/9        EV: 16    Int:  9    God:    Gozag
Gold:   671        SH:  0    Dex: 15    Spells: 0 memorised, 8 levels left

rFire  . . .     SeeInvis +     z - +1 flail (crush)
rCold  . . .     Gourm    .     (armour unavailable)
rNeg   . . .     Faith    .     (no shield)
rPois  .         Spirit   .     b - +0 hat
rElec  .         Dismiss  .     m - +0 cloak
rCorr  .         Reflect  .     (no gloves)
SustAt .         Harm     .     (no boots)
MR     .....                    (no amulet)
Stlth  +.........               H - ring of see invisible
                                g - +1 ring of evasion

@: short of breath, gold aura, not resistant to hostile enchantments, very
unstealthy
A: breathe sticky flame splash, unfitting armour, cold-blooded, AC +7
a: Breathe Sticky Flame, Potion Petition, Call Merchant, Bribe Branch, Renounce
Religion


You were on level 8 of the Dungeon.
You worshipped Gozag.
Gozag was noncommittal.
You were not hungry.

You visited 2 branches of the dungeon, and saw 9 of its levels.
You also visited: Ossuary.

You collected 824 gold pieces.
You spent 90 gold pieces at shops.
You paid 63 gold pieces to Gozag.

Inventory:

Hand Weapons
 e - a +3 quarterstaff of chaos
 q - a +3 dagger of venom
 z - a +1 flail of crushing (weapon)
Missiles
 c - 3 throwing nets (quivered)
Armour
 b - a +0 hat (worn)
 m - a +0 cloak (worn)
Jewellery
 g - a +1 ring of evasion (left hand)
 E - an uncursed ring of ice
 H - a ring of see invisible (right hand)
Wands
 k - a wand of flame (6/48)
 u - a wand of iceblast (7/15)
 A - a wand of acid (10/15)
 G - a wand of digging (13/24)
 L - a wand of confusion (7/48)
 M - a wand of lightning (9/15)
Scrolls
 a - a scroll of amnesia
 f - 2 scrolls of enchant weapon
 i - a scroll of remove curse
 j - 4 scrolls of noise
 l - 2 scrolls of magic mapping
 s - 2 scrolls of blinking
 t - 3 scrolls of identify
 w - a scroll of holy word {unknown}
 y - 6 scrolls of teleportation
 D - a scroll of recharging
 I - a scroll of enchant armour {unknown}
Potions
 n - 2 potions of brilliance
 o - a potion of haste {unknown}
 p - 2 potions of lignification
 r - 3 potions of flight {unknown}
 v - a potion of cancellation {unknown}
 x - 2 potions of heal wounds {unknown}
 B - a potion of agility
 C - a potion of cure mutation {unknown}
 F - 3 potions of curing {unknown}
 K - a potion of might
 N - a potion of poison {unknown}
 O - a potion of ambrosia {unknown}
 P - a potion of magic {unknown}
Comestibles
 d - 6 bread rations
 h - 3 meat rations
 J - 5 beef jerkies


   Skills:
 + Level 6.9 Fighting
 * Level 9.2 Maces & Flails
 + Level 5.7 Throwing
 + Level 6.1 Dodging


You had 8 spell levels left.
You didn't know any spells.

Dungeon Overview and Level Annotations

Branches:
Dungeon (8/15)             Temple (1/1) D:5
   Lair: D:8-11

Altars:
Cheibriados
Fedhas
Gozag
Kikubaaqudgha
Nemelex Xobeh
Pakellas
Qazlal
Sif Muna
Trog
The Shining One

Shops:
D:4 [?   D:8 }


Innate Abilities, Weirdness & Mutations

You can spit globs of burning liquid.
You can ignite nearby creatures when you spit burning liquid.
Your weird mottled scales are hard (AC +7).
Your body does not fit into most forms of armour.
You are cold-blooded and may be slowed by cold attacks.


Message History

The wyvern resists with some effort.
Evoking this partially-identified wand wasted a few charges.
Evoke which item? (* to show all) (? for menu, Esc to quit)
Zapping:
L - a wand of confusion {zapped: 7} (will waste charges)
Press: ? - help, Shift-Dir - straight line, f/p - wyvern
Aim: a wyvern (chance to defeat MR: 46%)
The wyvern resists with some effort.
Evoking this partially-identified wand wasted a few charges.
The wyvern bites you but does no damage.
The wyvern bites you!
* * * LOW HITPOINT WARNING * * *
Evoke which item? (* to show all) (? for menu, Esc to quit)
Zapping:
L - a wand of confusion {zapped: 10} (will waste charges)
Press: ? - help, Shift-Dir - straight line, f/p - wyvern
Aim: a wyvern (chance to defeat MR: 46%)
The wyvern resists with some effort.
Evoking this partially-identified wand wasted a few charges.
The wyvern bites you!!
You die...
Your body crumbles into a pile of gold.

≈≈≈....#'#...#....#
≈≈≈;....$....#....#
.........$........#
..#####...........# ..
...........##### .
..............#
..#..............#
..#........$..$.?###.#
..###.........≈l@....#
.. #..............###
.. #.........≈....# ..
######.≈≈.....# ##
#........# ...........
############


You could see a wyvern.

Vanquished Creatures
  A wyvern (D:6)
  2 wraiths (Ossuary)
  A steam dragon (D:3)
  A water moccasin (D:7)
  A phantom (D:4)
  3 ice beasts
  A sky beast (D:7)
  3 ogres
  A centaur (D:7)
  4 giant frogs
  2 scorpions
  The ghost of namelastname112 the Cudgeler, a weakling DrSk (D:3)
  10 wights
  4 hounds
  2 centaur skeletons
  4 orc wizards
  2 orc priests
  Crazy Yiuf (D:5)
  Terence (D:2)
  Natasha (twice) (D:2 D:4)
  6 worker ants
  Robin (D:3)
  A worker ant zombie (D:6)
  A gnoll (D:1)
  8 adders
  A shadow imp (D:6)
  4 oozes
  An adder skeleton (D:6)
  5 worms
  2 giant geckos
  20 orcs
  5 giant cockroaches
  12 goblins
  13 hobgoblins
  13 jackals
  13 kobolds
  6 quokkas
  2 ball pythons (D:3)
  A ball python skeleton (Ossuary)
  6 bats
  A giant gecko skeleton (D:6)
  A giant gecko zombie (D:7)
  4 giant newts
  3 hobgoblin skeletons (Ossuary)
  A jackal zombie (D:6)
  A kobold zombie (Ossuary)
  4 orc zombies (Ossuary)
  5 rats
188 creatures vanquished.

Notes
Turn   | Place    | Note
--------------------------------------------------------------
     0 | D:1      | namelastname112 the Draconian Gladiator began the quest for the Orb.
     0 | D:1      | Reached XP level 1. HP: 17/17 MP: 1/1
   192 | D:1      | Reached XP level 2. HP: 18/24 MP: 2/2
   513 | D:1      | Reached XP level 3. HP: 20/30 MP: 3/3
  1052 | D:2      | Noticed Natasha
  1058 | D:2      | Killed Natasha
  1058 | D:2      | Reached skill level 4 in Maces & Flails
  1058 | D:2      | Reached XP level 4. HP: 16/37 MP: 4/4
  1257 | D:2      | Noticed Robin
  1650 | D:3      | Killed Robin
  1837 | D:2      | Noticed Terence
  1858 | D:2      | Killed Terence
  1858 | D:2      | Reached XP level 5. HP: 33/45 MP: 5/5
  2025 | D:2      | Found a snail-covered altar of Cheibriados.
  2790 | D:3      | Noticed a steam dragon
  2792 | D:3      | Noticed namelastname112's ghost (weakling DrSk)
  2847 | D:3      | Killed namelastname112's ghost
  3164 | D:3      | Killed a steam dragon
  3164 | D:3      | Reached skill level 5 in Maces & Flails
  3164 | D:3      | Reached XP level 6. HP: 22/52 MP: 6/6
  3544 | D:3      | Found a glowing golden altar of the Shining One.
  3840 | D:4      | Found Acoqippa's Armour Shoppe.
  3881 | D:4      | Noticed Natasha
  3883 | D:4      | Killed Natasha
  3912 | D:4      | Reached XP level 7. HP: 53/59 MP: 7/7
  3912 | D:4      | Your scales start taking on a weird mottled colour.
  3922 | D:4      | Found Forheg's Magic Scroll Shoppe.
  4299 | D:4      | Bought a scroll of blinking for 90 gold pieces
  4352 | D:4      | Reached skill level 6 in Maces & Flails
  4664 | D:4      | Found a sparkling altar of Nemelex Xobeh.
  4769 | D:5      | Entered Level 5 of the Dungeon
  4845 | D:5      | Found a blossoming altar of Fedhas.
  4945 | D:5      | Noticed Crazy Yiuf
  4962 | D:5      | Killed Crazy Yiuf
  5148 | D:5      | Found a staircase to the Ecumenical Temple.
  5214 | Temple   | Entered the Ecumenical Temple
  5243 | Temple   | Became a worshipper of Gozag Ym Sagoz the Greedy
  5692 | D:6      | Reached XP level 8. HP: 67/67 MP: 8/8
  5775 | D:6      | Reached skill level 5 in Fighting
  5775 | D:6      | Reached skill level 7 in Maces & Flails
  6147 | D:6      | Reached skill level 5 in Dodging
  6221 | D:6      | Found a bloodstained altar of Trog.
  6952 | D:7      | Reached skill level 8 in Maces & Flails
  6952 | D:7      | Reached skill level 5 in Throwing
  7190 | D:7      | Reached XP level 9. HP: 25/75 MP: 9/9
  7672 | D:8      | Found Rokkis's Gadget Emporium.
  7807 | D:8      | Found an oddly glowing altar of Pakellas.
  7924 | D:8      | Found a sand-covered staircase.
  7936 | Ossuary  | Entered an ossuary
  8389 | Ossuary  | Reached skill level 9 in Maces & Flails
  9008 | D:8      | Mangled by a wyvern

Vault maps used:
D:1:      tarquinn_simple_flora_water_f, roderic_ancient_swastika
D:2:      nicolae_overflow_crystal_walls, first_bread, uniq_natasha,
          uniq_terence, uniq_robin
D:3:      nicolae_tso_swordbearing_angel
D:4:      serial_shops, shop, shop, nemelex_dance_club_becter
D:5:      lemuel_doored_altar, temple_pool_b, uniq_crazy_yiuf_cottage
D:6:      lightli_temple_of_fire
D:7:      grunt_ogre_cave, minmay_misc_feat_tiny
D:8:      serial_shops, shop, kennysheep_little_box, nicolae_ossuary_entry_plus,
          grunt_pakellas_mercury
Temple:   bh_familiar_temple
Ossuary:  ossuary_due_cavern

Action                   |  1- 3 |  4- 6 |  7- 9 || total
-------------------------+-------+-------+-------++-------
Melee: Flail             |    74 |   110 |   316 ||   500
       Dagger            |       |   136 |    96 ||   232
       Unarmed           |       |     6 |       ||     6
Throw: Throwing net      |     1 |     1 |       ||     2
 Abil: Breathe Sticky Fl |       |       |     7 ||     7
Evoke: Wand              |       |       |     5 ||     5
  Use: Potion            |       |     2 |     1 ||     3
       Scroll            |       |       |    10 ||    10
 Stab: Distracted        |       |       |     1 ||     1
       Sleeping          |       |       |     5 ||     5
  Eat: Chunk             |       |     9 |     4 ||    13
       Pizza             |       |       |     4 ||     4
       Beef jerky        |       |       |     3 ||     3
       Fruit             |       |       |     5 ||     5
